 Dungeon Crawl Stone Soup version 0.29.1-4-g47bece8355 (webtiles) character file.

Game seed: 3199885557063254125

2006 H0rd4k the Martial Artist (level 9, -4/61 HPs)
             Began as an Octopode Artificer on Dec 2, 2022.
             Was an Initiate of Gozag.
             Shot with a sling bullet by Joseph (26 damage)
             ... on level 8 of the Dungeon.
             The game lasted 00:09:11 (10749 turns).

H0rd4k the Martial Artist (Octopode Artificer)     Turns: 10749, Time: 00:09:12

Health: -4/61      AC:  1    Str: 12    XL:     9   Next: 22%
Magic:  15/15      EV: 13    Int: 17    God:    Gozag
Gold:   207        SH:  0    Dex: 12    Spells: 15/17 levels left

rFire   . . .      SeeInvis .     - Unarmed
rCold   . . .      Faith    .   (no shield)
rNeg    . . .      Spirit   .   (helmet restricted)
rPois   +          Reflect  .   (no amulet)
rElec   .          Harm     .   k - ring of wizardry
rCorr   .          Rampage  .   i - ring of flight
Will    .....                   B - ring of poison resistance
Stlth   +++.......              (no ring)
HPRegen 0.20/turn               (no ring)
MPRegen 0.14/turn               (no ring)
                                (no ring)
                                (no ring)

@: flying
A: almost no armour, amphibious, 8 rings, camouflage 1, gelatinous body 1,
(nimble swimmer 1), tentacles
a: Renounce Religion, Potion Petition, Call Merchant, Bribe Branch


You were on level 8 of the Dungeon.
You worshipped Gozag.
Gozag was aware of your devotion.
You visited 2 branches of the dungeon, and saw 9 of its levels.

You collected 587 gold pieces.
You spent 260 gold pieces at shops.
You paid 120 gold pieces to Gozag.

Inventory:

Hand Weapons
 m - a +1 dagger of venom
Magical Staves
 u - a staff of air
Jewellery
 i - a ring of flight (right tentacle)
 k - a ring of wizardry (left tentacle)
 B - a ring of poison resistance (on tentacle)
Wands
 b - a wand of flame (6) (quivered)
 d - a wand of iceblast (4)
Scrolls
 f - 7 scrolls of identify {unknown}
 h - 3 scrolls of teleportation {unknown}
 n - a scroll of noise {unknown}
 r - 2 scrolls of vulnerability {unknown}
 s - a scroll of magic mapping {unknown}
 t - 3 scrolls of poison {unknown}
 v - a scroll of amnesia {unknown}
 x - a scroll of blinking {unknown}
 y - a scroll of enchant armour {unknown}
Potions
 a - 3 potions of flight {unknown}
 e - a potion of heal wounds
 g - 2 potions of mutation {unknown}
 j - 2 potions of attraction {unknown}
 l - 2 potions of magic {unknown}
 o - a potion of invisibility {unknown}
 p - 2 potions of resistance {unknown}
 w - 2 potions of brilliance {unknown}
 z - a potion of haste {unknown}
 A - 2 potions of curing {unknown}


   Skills:
 + Level 5.4 Fighting
 - Level 2.3 Dodging
 - Level 1.3 Stealth
 + Level 8.8 Unarmed Combat
 * Level 4.5 Spellcasting
 * Level 1.4 Translocations
 - Level 3.2 Evocations


You had 15 spell levels left.
You knew the following spells:

 Your Spells              Type           Power      Damage    Failure   Level
a - Blink                 Tloc           16%        N/A       5%          2

Your spell library contained the following spells:

 Spells                   Type           Power      Damage    Failure   Level
 Magic Dart               Conj           12%        1d3       6%          1
 Sandblast                Erth           6%         2d5       6%          1
 Passwall                 Tmut/Erth      2%         N/A       9%          2
 Searing Ray              Conj           6%         2d4       9%          2
 Ignite Poison            Fire/Tmut/Pois 3%         N/A       17%         3
 Mephitic Cloud           Conj/Pois/Air  3%         N/A       17%         3
 Stone Arrow              Conj/Erth      6%         3d7       17%         3
 Fulminant Prism          Conj/Hex       1%         3d6       50%         4
 Manifold Assault         Tloc           8%         N/A       65%         5
 Freezing Cloud           Conj/Ice/Air   1%         6-21      82%         5
 Storm Form               Tmut/Air       1%         N/A       100%        7


Dungeon Overview and Level Annotations

Branches:
Dungeon (8/15)             Temple (1/1) D:6
   Lair: D:8-11

Altars:
Ashenzari
Dithmenos
Elyvilon
Gozag
Hepliaklqana
Kikubaaqudgha
Makhleb
Nemelex Xobeh
Okawaru
Qazlal
Ru
Sif Muna
Trog
Uskayaw
Xom
Yredelemnul
Zin
The Shining One

Shops:
D:7 =

Annotations:
D:3 exclusion: downstairs
D:4 exclusion: downstairs
D:7 exclusion: steam dragon
D:8 Joseph


Innate Abilities, Weirdness & Mutations

You cannot wear most types of armour.
You are amphibious.
You can wear up to eight rings at the same time.
Your skin changes colour to match your surroundings (Stealth+).
Your rubbery body absorbs attacks. (AC +1, EV +1)
((You are camouflaged when in or above water. (Stealth+)))
You have tentacles for arms and can constrict up to eight enemies at once.


Message History

You fly upwards.
Level annotation: exclusion: steam dragon
There is a stone staircase leading down here.
Key pressed, stopping explore.
HP restored.
Partly explored, can't reach some places.
Partly explored, can't reach some places.
You fly downwards.
Level annotation: Joseph
There is a stone staircase leading up here.
The kobold throws a stone.
The stone barely misses you.
You bludgeon the kobold!
You kill the kobold!
No target in view!
No target in view!
You now have 207 gold pieces (gained 5).
There is an open door here.
Things that are here:
a +0 club; 5 stones Joseph is nearby!
Aiming: Paralyse
Press: ? - help, Shift-Dir - straight line, f - Joseph
Aim: Joseph, wielding a +2 vorpal sling and wearing a +0 ring mail (wandering, hasn't noticed you, chance to affect: 39%) Joseph resists with some effort.
Joseph shoots a sling bullet.
The sling bullet hits you!!
Unknown command.
There is an open door here.
Things that are here:
a +0 club; 5 stones
There is a stone staircase leading up here.
Aiming: Paralyse
Press: ? - help, Shift-Dir - straight line, f/p - Joseph
Aim: Joseph, wielding a +2 vorpal sling and wearing a +0 ring mail (chance to affect: 39%) Joseph resists with some effort.
The now-empty wand crumbles to dust.
Joseph shoots a sling bullet.
The sling bullet hits you!
Unknown command.
Joseph says, "You will never get the ORB, sorry."
Joseph shoots a sling bullet.
The sling bullet hits you!!
You die...
Your body crumbles into a pile of gold.

###########
....$.....#
....#####.# ###+##
....# #.# #....#
.$..# #.# #....+
...... #@###....##
........#...).....#
...#....#.###.....#
...#....#####...@.#
...+..............#
...#########.###..#
#.###..# #.#....#
#.#.#..# #.#.#..#
#.#.#..# #.#.##.#


You could see Joseph.

Vanquished Creatures
  An ice beast (D:6)
  2 black bears
  2 ogres
  A centaur (D:6)
  3 phantoms
  6 bullfrogs
  2 necrophages
  3 scorpions
  2 hounds (D:5)
  A jelly (D:4)
  2 orc priests
  3 iguanas
  3 orc wizards
  4 gnolls (D:5)
  7 adders
  A shadow imp (D:6)
  3 white imps
  An ufetubus (D:7)
  5 dart slugs
  24 orcs
  8 ball pythons
  6 endoplasms
  A giant cockroach (D:2)
  5 goblins
  11 hobgoblins
  3 jackals (D:4)
  6 quokkas
  7 bats
  7 frilled lizards
  5 kobolds
  7 rats
142 creatures vanquished.

Vanquished Creatures (collateral kills)
  An orc wizard (D:6)
  4 orcs
5 creatures vanquished.

Vanquished Creatures (others)
  An orc wizard (D:8)
  3 gnolls (D:5)
  2 orcs
  A fungus (D:1)
7 creatures vanquished.

Grand Total: 154 creatures vanquished

Notes
Turn   | Place    | Note
-------+----------+-------------------------------------------
     0 | D:1      | H0rd4k the Octopode Artificer began the quest for the Orb.
     0 | D:1      | Reached XP level 1. HP: 13/13 MP: 1/1
    75 | D:1      | Reached XP level 2. HP: 16/18 MP: 2/2
   248 | D:1      | Reached skill level 1 in Spellcasting
  1004 | D:1      | Reached XP level 3. HP: 24/24 MP: 4/4
  1375 | D:2      | Reached skill level 1 in Unarmed Combat
  1549 | D:2      | HP: 1/24 [poisoned by a kobold]
  2071 | D:2      | Found a faded altar of an unknown god.
  2600 | D:3      | Reached XP level 4. HP: 26/30 MP: 6/6
  3165 | D:3      | Found a faded altar of an unknown god.
  3169 | D:3      | Found a burning altar of Makhleb.
  3221 | D:4      | Noticed a phantom
  3437 | D:4      | Reached skill level 2 in Unarmed Combat
  3440 | D:4      | Found a hazy altar of Hepliaklqana.
  3440 | D:4      | Found an iron altar of Okawaru.
  3471 | D:4      | Reached XP level 5. HP: 30/35 MP: 8/8
  3529 | D:4      | Reached skill level 3 in Unarmed Combat
  3754 | D:4      | Reached XP level 6. HP: 28/42 MP: 9/9
  4028 | D:4      | Reached skill level 4 in Unarmed Combat
  4254 | D:4      | Reached skill level 5 in Unarmed Combat
  4254 | D:4      | Reached XP level 7. HP: 20/46 MP: 11/11
  4961 | D:5      | Entered Level 5 of the Dungeon
  5651 | D:5      | Reached skill level 6 in Unarmed Combat
  6052 | D:5      | Reached XP level 8. HP: 33/54 MP: 13/13
  7060 | D:6      | Found a staircase to the Ecumenical Temple.
  7114 | D:6      | Reached skill level 7 in Unarmed Combat
  7152 | Temple   | Entered the Ecumenical Temple
  8316 | D:6      | Found a broken altar of Ashenzari.
  8320 | D:6      | Saw a vision of the Shoals and the Spider Nest.
  8320 | D:6      | Noticed a tarantella
  8320 | D:6      | Noticed a jumping spider
  8320 | D:6      | Noticed an entropy weaver
  8320 | D:6      | Noticed a jumping spider
  8320 | D:6      | Noticed a meliai
  8320 | D:6      | Noticed an alligator snapping turtle
  8320 | D:6      | Noticed a sea snake
  8320 | D:6      | Noticed a water nymph
  8320 | D:6      | Noticed a water nymph
  8320 | D:6      | Noticed a manticore
  8322 | D:6      | Noticed a jumping spider
  8322 | D:6      | Noticed an orb spider
  8322 | D:6      | Noticed a merfolk
  8322 | D:6      | Noticed a wind drake
  8322 | D:6      | Noticed a sea snake
  8322 | D:6      | Noticed an orb spider
  8322 | D:6      | Noticed a demonic crawler
  8323 | D:6      | Noticed a kraken
  8323 | D:6      | Noticed a moth of wrath
  8325 | D:6      | Noticed a torpor snail
  8691 | D:6      | Found an opulent altar of Gozag.
  8696 | D:6      | Became a worshipper of Gozag Ym Sagoz the Greedy
  8809 | D:6      | Reached skill level 5 in Fighting
  8977 | D:6      | Found a shadowy altar of Dithmenos.
  8997 | D:6      | Reached skill level 8 in Unarmed Combat
  9439 | D:7      | Learned a level 2 spell: Blink
  9523 | D:7      | Found a white marble altar of Elyvilon.
  9707 | D:7      | Reached XP level 9. HP: 51/61 MP: 15/15
  9895 | D:7      | Reached skill level 1 in Translocations
 10110 | D:7      | Found Venezaw's Jewellery Shoppe.
 10119 | D:7      | Bought a ring of poison resistance for 260 gold pieces
 10502 | D:8      | Noticed Joseph
 10749 | D:8      | Shot with a sling bullet by Joseph

Illustrated notes

Levels and vault maps discovered:
D:1:      dpeg_arrival_stone_temple_mockup, layout_basic, nrook_mini_backslash,
          dreamdust_mushroom_princess
D:2:      layout_basic, basic_ecumenical_altar
D:3:      layout_basic, nicolae_overflow_ecumenical_swirl
D:4:      layout_gridville, jmf_multi_god_temple
D:5:      dreamdust_elfheim, layout_basic
D:6:      minmay_spotlight, layout_basic, nicolae_gozag_seed_capital,
          kennysheep_mini, grunt_ashenzari_visionary
          [grunt_ashenzari_visionary_shoals, grunt_ashenzari_visionary_spider],
          minmay_temple_entry_butterflies
D:7:      layout_gridville, nicolae_overflow_crystal_walls, serial_shops,
          nicolae_stop_n_shop_2, minivault_14
D:8:      layout_basic, marbit_many_paths, nicolae_kite_square_tiling_tiny,
          uniq_joseph
Temple:   chequers_temple_sunken

Skill      XL: |  1  2  3  4  5  6  7  8  9 |
---------------+----------------------------+-----
Spellcasting   | 1 2 3 4 |  4.5
Fighting       | 2 3 4 5 |  5.4
Unarmed Combat | 1 2 3 5 6 8 |  8.8
Translocations | 1 |  1.4
Dodging        | |  2.3
Stealth        | |  1.3
Evocations     | |  3.2

Action                   |  1- 3 |  4- 6 |  7- 9 || total
-------------------------+-------+-------+-------++-------
Melee: Unarmed           |   102 |    90 |   214 ||   406
       Tentacles         |    23 |    21 |    52 ||    96
       Constrict         |    31 |    19 |    39 ||    89
       Punch             |     1 |     5 |     7 ||    13
Evoke: Wand              |       |     4 |    26 ||    30
  Use: Potion            |       |       |     1 ||     1
 Stab: Sleeping          |    20 |     4 |     5 ||    29
       Paralysed         |       |       |     6 ||     6
       Distracted        |       |       |     1 ||     1
Armor: Skin              |     4 |     7 |     8 ||    19
Dodge: Dodged            |    59 |    57 |   106 ||   222
